 Dungeon Crawl Stone Soup version 0.19-a0-1526-gc2972aa (webtiles) character file.

11375 MrRokkomies the Nimble (level 11, -11/75 HPs)
             Began as a Spriggan Enchanter on Sept 11, 2016.
             Was a Follower of Hepliaklqana.
             Mangled by a large abomination (25 damage)
             ... on level 9 of the Dungeon on Sept 13, 2016.
             The game lasted 01:08:09 (10323 turns).

MrRokkomies the Nimble (Spriggan Enchanter)        Turns: 10323, Time: 01:08:09

Health: -11/75     AC: 25    Str: 10    XL:     11   Next: 48%
Magic:  5/20       EV:  4    Int: 19    God:    Hepliaklqana [*.....]
Gold:   248        SH:  0    Dex: 17    Spells: 8 memorised, 0 levels left

rFire  . . .     SeeInvis +     a - +2 dagger
rCold  . . .     Gourm    .     (armour currently unavailable)
rNeg   + + +     Faith    .     (shield restricted)
rPois  +         Spirit   .     (helmet currently unavailable)
rElec  .         Dismiss  .     (cloak currently unavailable)
rCorr  .         Reflect  .     (gloves unavailable)
MR     ++...     Harm     .     (boots unavailable)
Stlth  ++++++.... NoTele   +    J - amulet of magic regeneration
                                S - ring of protection from magic
                                B - ring of wizardry

@: mighty, tree-form
A: unfitting armour, reduced essence, see invisible, herbivore 3, (speed 0),
slow metabolism 2
a: Recall Ancestor, Ancestor Identity, Renounce Religion


You were on level 9 of the Dungeon.
You worshipped Hepliaklqana.
Hepliaklqana was aware of your devotion.
You were not hungry.
You were a tree.
You visited 2 branches of the dungeon, and saw 10 of its levels.
You also visited: Sewer and Ossuary.

You collected 665 gold pieces.
You spent 417 gold pieces at shops.

Inventory:

Hand Weapons
 a - a +2 dagger (weapon)
 b - a +0 blowgun
Missiles
 i - 22 poisoned needles
 u - 8 curare-tipped needles
Armour
 e - a +2 cloak (melded)
 M - a +1 hat (melded)
 P - a +2 robe of fire resistance (melded)
Jewellery
 B - a ring of wizardry (left branch)
 E - an uncursed ring of resist corrosion
 H - a +2 ring of strength
 J - an amulet of magic regeneration (around neck)
 S - a ring of protection from magic (right branch)
Wands
 n - a wand of flame (30/48)
 t - a wand of digging (11/24)
 F - a wand of paralysis (12/24)
 G - a wand of random effects (28/48)
 O - a wand of polymorph (12/24)
 R - a wand of lightning (13/15)
Scrolls
 g - 4 scrolls of blinking
 h - 8 scrolls of remove curse
 j - 3 scrolls of teleportation
 l - 3 scrolls of identify
 p - a scroll of enchant weapon
 w - a scroll of amnesia
 D - a scroll of fog
 I - a scroll of recharging
 L - a scroll of enchant armour
Potions
 f - 2 potions of invisibility
 k - a potion of cancellation
 q - a potion of mutation {unknown}
 r - 2 potions of heal wounds
 v - 2 potions of flight
 x - 2 potions of agility
 T - 2 potions of berserk rage {unknown}
Books
 c - a book of Maledictions

   Spells                             Type                      Level
   a - Corona                         Hexes                        1
   b - Ensorcelled Hibernation        Hexes/Ice                    2
   c - Confuse                        Hexes                        3
   d - Tukima's Dance                 Hexes                        3
   e - Dazzling Spray                 Conjuration/Hexes            3
 o - a book of Clouds

   Spells                             Type                      Level
   a - Mephitic Cloud                 Conjuration/Poison/Air       3
   b - Conjure Flame                  Conjuration/Fire             3
   c - Poisonous Cloud                Conjuration/Poison/Air       6
   d - Freezing Cloud                 Conjuration/Ice/Air          6
   e - Ring of Flames                 Charms/Fire                  7
 y - a book of Misfortune

   Spells                             Type                      Level
   a - Confusing Touch                Hexes                        1
   b - Confuse                        Hexes                        3
   c - Gell's Gravitas                Hexes/Translocation          3
   d - Petrify                        Transmutation/Earth          4
   e - Metabolic Englaciation         Hexes/Ice                    5
   f - Yara's Violent Unravelling     Hexes/Transmutation          5
 C - Sif Muna's Catalogue of Darkness
   (You found it on level 7 of the Dungeon)

   Spells                             Type                      Level
   a - Animate Skeleton               Necromancy                   1
 N - a book of the Warp

   Spells                             Type                      Level
   a - Gell's Gravitas                Hexes/Translocation          3
   b - Force Lance                    Conjuration/Translocation    4
   c - Summon Forest                  Summoning/Translocation      5
   d - Dispersal                      Translocation                6
   e - Controlled Blink               Translocation                8
   f - Disjunction                    Translocation                8
 Q - a book of Minor Magic

   Spells                             Type                      Level
   a - Magic Dart                     Conjuration                  1
   b - Blink                          Translocation                2
   c - Call Imp                       Summoning                    2
   d - Repel Missiles                 Charms/Air                   2
   e - Slow                           Hexes                        2
   f - Conjure Flame                  Conjuration/Fire             3
   g - Mephitic Cloud                 Conjuration/Poison/Air       3
Comestibles
 d - 8 bread rations
 s - 6 fruits
 z - 14 royal jellies
 A - 7 slices of pizza


   Skills:
 - Level 6.0 Fighting
 - Level 9.1 Short Blades
 - Level 10.5 Dodging
 - Level 8.3 Stealth
 - Level 5.8 Spellcasting
 - Level 9.2 Hexes
 * Level 4.3 Ice Magic
 * Level 6.1 Air Magic


You couldn't memorise any spells.
You knew the following spells:

 Your Spells              Type           Power        Failure   Level  Hunger
a - Corona                Hex            #####..      1%          1    None
b - Ensorcelled Hibernat  Hex/Ice        ####..       1%          2    None
c - Confuse               Hex            #####...     1%          3    ##.....
d - Tukima's Dance        Hex            #####...     1%          3    ##.....
e - Mephitic Cloud        Conj/Pois/Air  ##......     6%          3    ##.....
f - Animate Skeleton      Necr           N/A          6%          1    None
g - Freezing Cloud        Conj/Ice/Air   ###.......   99%         6    #######
h - Blink                 Tloc           N/A          9%          2    None


Dungeon Overview and Level Annotations

Branches:
Dungeon (9/15)             Temple (1/1) D:6
   Lair: D:8-11         Orc: D:9-12

Altars:
Ashenzari
Cheibriados
Dithmenos
Elyvilon
Fedhas
Gozag
Hepliaklqana
Kikubaaqudgha
Makhleb
Nemelex Xobeh
Okawaru
Qazlal
Ru
Sif Muna
Trog
Uskayaw
Vehumet
Xom
Yredelemnul
Zin
The Shining One

Shops:
D:5 ![[:   D:9 *

Annotations:
D:2 Natasha


Innate Abilities, Weirdness & Mutations

You are tiny and cannot use many weapons and most armour.
You have supernaturally acute eyesight. (SInv)
You are a herbivore.
((You cover ground extremely quickly.))
You need consume almost no food.
Your life essence is reduced. (-10% HP)


Message History

You are too injured to fight recklessly!
You are too injured to fight recklessly!
You hit the large abomination but do no damage.
The large abomination is severely damaged.
You barely miss the large abomination.
The large abomination is severely damaged.
The large abomination hits you!!
* * * LOW HITPOINT WARNING * * *
You barely miss the large abomination.
The large abomination is severely damaged.
You hit the large abomination.
The large abomination is severely damaged.
The large abomination hits you!
* * * LOW HITPOINT WARNING * * *
You hit the large abomination but do no damage.
The large abomination is severely damaged.
You puncture the large abomination!
The large abomination is almost destroyed.
The large abomination hits you!!
You die...

#.# #.# ##.# #.########.##
#X# #...........#
#######'##### #...........#
#....X......#
#...........####....X......##
#...........##.†.........[.##
#...........##.#.........}.'.
#...........##.#...........##
#..........X7..#...........#
#...........####...........#
#...........# #...........#
#...........# #...........#
########..### ######'######
#.## ##.# ... #..# .....
####+###### ......
#.........#


You could see a large abomination.

Vanquished Creatures
  Gastronok (D:8)
  Erica (D:8)
  3 large abominations (D:9)
  A wizard (D:9)
  Pikel (D:7)
  Joseph (D:7)
  A queen bee (D:9)
  A two-headed ogre (D:8)
  A yak (D:9)
  Grum (D:8)
  4 hogs (D:7)
  A human (D:7)
  A hungry ghost (D:9)
  Edmund (D:6)
  A water moccasin (D:8)
  Purgy (Sewer)
  A sky beast (D:8)
  2 orc warriors (D:6)
  A black bear (D:8)
  A phantom (D:8)
  A slave (D:7)
  4 wolves (D:8)
  3 centaurs
  A crocodile (D:9)
  6 small abominations (D:9)
  An elf zombie (Ossuary)
  6 giant frogs
  A wyvern skeleton (D:9)
  23 killer bees (D:9)
  2 howler monkeys (D:7)
  A wight (D:9)
  6 crimson imps
  A giant frog zombie (D:5)
  3 human zombies (Ossuary)
  5 hounds
  4 centaur zombies
  An orc priest (D:6)
  2 jellies
  3 orc wizards
  Crazy Yiuf (D:2)
  An iguana (D:9)
  Natasha (twice) (D:2)
  A gnoll shaman (D:4)
  An ancestor (D:9)
  7 worker ants
  Terence (D:2)
  A big kobold zombie (Ossuary)
  5 hound skeletons
  4 mummies
  19 adders
  4 shadow imps
  2 oozes
  2 adder zombies
  An adder skeleton (D:6)
  2 worms
  3 dart slugs
  4 giant geckos
  9 orcs
  5 bats
  13 giant cockroaches
  A gnoll zombie (Ossuary)
  7 goblins
  6 hobgoblins
  6 jackals
  3 quokkas
  A ball python (D:3)
  2 giant gecko skeletons
  2 giant gecko zombies (D:8)
  4 giant newts
  5 goblin zombies (Ossuary)
  2 hobgoblin zombies (Ossuary)
  3 jackal zombies (Ossuary)
  5 kobolds
  3 kobold zombies (Ossuary)
  An orc zombie (Ossuary)
  5 quokka zombies
  11 rats
  4 rat zombies (Ossuary)
  A fungus (D:2)
260 creatures vanquished.

Vanquished Creatures (collateral kills)
  A troll (D:9)
  A killer bee (D:9)
  4 wights (D:9)
6 creatures vanquished.

Vanquished Creatures (others)
  4 ancestors (D:9)
4 creatures vanquished.

Grand Total: 270 creatures vanquished

Notes
Turn   | Place    | Note
-------+----------+-------------------------------------------
     0 | D:1      | MrRokkomies the Spriggan Enchanter began the quest for the Orb.
     0 | D:1      | Reached XP level 1. HP: 9/9 MP: 5/5
   250 | D:1      | Reached XP level 2. HP: 9/13 MP: 6/6
   254 | D:1      | Learned a level 2 spell: Ensorcelled Hibernation
   696 | D:2      | Reached XP level 3. HP: 16/16 MP: 5/8
   819 | D:2      | Noticed Terence
   959 | D:2      | Killed Terence
  1072 | D:2      | Reached XP level 4. HP: 21/21 MP: 9/9
  1082 | D:2      | Learned a level 3 spell: Confuse
  1212 | D:2      | Reached skill level 5 in Hexes
  1568 | D:2      | Noticed Natasha
  1578 | D:2      | Killed Natasha
  1634 | D:2      | Noticed Natasha
  1642 | D:2      | Killed Natasha
  1642 | D:2      | Reached skill level 5 in Stealth
  1642 | D:2      | Reached XP level 5. HP: 14/24 MP: 2/10
  1868 | D:2      | Noticed Natasha
  2266 | D:2      | Found a runed door.
  2270 | D:2      | Noticed Crazy Yiuf
  2274 | D:2      | Killed Crazy Yiuf
  2496 | D:3      | Found a shattered altar of Ashenzari.
  2924 | D:4      | Reached XP level 6. HP: 28/28 MP: 11/11
  2943 | D:4      | Reached skill level 5 in Short Blades
  3030 | D:4      | Found a radiant altar of Vehumet.
  3133 | D:4      | Learned a level 3 spell: Tukima's Dance
  3170 | D:4      | Found an iron altar of Okawaru.
  3738 | D:5      | Entered Level 5 of the Dungeon
  3873 | D:5      | Reached XP level 7. HP: 24/32 MP: 4/12
  3937 | D:5      | Found Tiacwyilie's Armour Shoppe.
  3948 | D:5      | Found Afapen's Distillery.
  3952 | D:5      | Bought a potion of degeneration for 15 gold pieces
  3952 | D:5      | Bought a potion of heal wounds for 75 gold pieces
  3952 | D:5      | Bought a potion of heal wounds for 75 gold pieces
  3956 | D:5      | Found a shimmering altar of Xom.
  4040 | D:5      | Found Jyteossu's Antique Armour Shop.
  4320 | D:5      | Found a glowing drain.
  4324 | Sewer    | Entered a sewer
  4369 | Sewer    | Noticed Purgy
  4371 | Sewer    | Killed Purgy
  4670 | D:5      | Found Cutiyrorch's Book Shoppe.
  4846 | D:6      | Reached XP level 8. HP: 23/36 MP: 6/13
  5062 | D:6      | Noticed Edmund
  5218 | D:6      | Upgraded the game from 0.19-a0-1508-g2ac1aae to 0.19-a0-1526-gc2972aa
  5466 | D:6      | Killed Edmund
  5473 | D:6      | Found a staircase to the Ecumenical Temple.
  5480 | Temple   | Entered the Ecumenical Temple
  6095 | D:7      | Reached skill level 1 in Fighting
  6095 | D:7      | Reached XP level 9. HP: 30/41 MP: 7/14
  6220 | D:7      | Found a deep blue altar of Sif Muna.
  6261 | D:7      | Noticed Joseph
  6268 | D:7      | Killed Joseph
  6268 | D:7      | Reached skill level 4 in Dodging
  6309 | D:7      | Found a glowing golden altar of the Shining One.
  6384 | D:7      | Noticed Pikel
  6400 | D:7      | Killed Pikel
  6400 | D:7      | Reached skill level 6 in Dodging
  6544 | D:7      | Reached skill level 7 in Dodging
  6805 | D:7      | Learned a level 3 spell: Mephitic Cloud
  6876 | D:7      | Identified Sif Muna's Catalogue of Darkness
  6882 | D:7      | Learned a level 1 spell: Animate Skeleton
  6986 | D:8      | Reached skill level 8 in Dodging
  7010 | D:8      | Noticed Gastronok
  7157 | D:8      | Found a sand-covered staircase.
  7167 | Ossuary  | Entered an ossuary
  7901 | D:8      | Reached XP level 10. HP: 34/51 MP: 6/15
  7915 | D:8      | Killed Gastronok
  7915 | D:8      | Reached skill level 10 in Dodging
  8347 | D:8      | Reached skill level 1 in Air Magic
  8419 | D:8      | Noticed Grum
  8451 | D:8      | Killed Grum
  8679 | D:8      | Found a hazy altar of Hepliaklqana.
  8684 | D:8      | Became a worshipper of Hepliaklqana
  8786 | D:8      | Noticed Erica
  8818 | D:8      | Killed Erica
  8818 | D:8      | Reached skill level 5 in Spellcasting
  8934 | D:9      | Learned a level 6 spell: Freezing Cloud
  8983 | D:9      | Reached skill level 1 in Ice Magic
  9029 | D:9      | Found Moruc's Assorted Antiques.
  9044 | D:9      | Bought a glass wand for 112 gold pieces
  9044 | D:9      | Bought a gilded ring for 140 gold pieces
  9113 | D:9      | Reached XP level 11. HP: 50/50 MP: 17/20
  9125 | D:9      | Learned a level 2 spell: Blink
  9141 | D:9      | Noticed a wizard
  9155 | D:9      | Killed a wizard
  9160 | D:9      | Noticed a large abomination
  9604 | D:9      | Reached skill level 5 in Air Magic
  9857 | D:9      | Found a burning altar of Makhleb.
  9857 | D:9      | Noticed a balrug
  9867 | D:9      | Reached * piety under Hepliaklqana
 10076 | D:9      | Killed a large abomination
 10323 | D:9      | Mangled by a large abomination

Vault maps used:
D:1:      saegor_arrival_simple_b, kennysheep_boxes
D:2:      serial_corexii_hall, corexii_hall_statues_s, corexii_hall_statues_x,
          corexii_hall_statues_i, corexii_hall_statues_t, uniq_terence,
          uniq_crazy_yiuf_cottage, uniq_natasha
D:3:      nicolae_overflow_crystal_walls
D:4:      kb_forest_paths, okawaru_gym_becter, vehumet_altar_wand_db,
          st_stairs_3, serial_bayou_pond_e
D:5:      first_bread, gup_sewer_entry_spiral, basic_altar, serial_shops, shop,
          shop, shop_fountains, nicolae_shop_stone
D:6:      uniq_edmund
D:7:      led_sif_book, tso_oasis_becter, grunt_livestock, uniq_joseph,
          uniq_pikel
D:8:      marbit_many_paths, gup_ossuary_entry_pyramid, corexii_hall_statues_l,
          uniq_grum, uniq_gastronok, uniq_erica
D:9:      makhleb_altar_promises_db, serial_shops, shop_coins, special_room,
          laboratory
Temple:   eino_temple_water
Sewer:    kennysheep_door_sewer
Ossuary:  minmay_ossuary_two_tombs

Skill      XL: |  1  2  3  4  5  6  7  8  9 10 11 |
---------------+----------------------------------+-----
Short Blades   | 2 3 4 5 7 9 |  9.1
Hexes          | 4 5 6 9 |  9.2
Stealth        | 5 6 7 8 |  8.3
Fighting       | 1 4 6 |  6.0
Dodging        | 8 10 | 10.5
Spellcasting   | 5 |  5.8
Air Magic      | 4 6 |  6.1
Ice Magic      | 1 4 |  4.3

Action                   |  1- 3 |  4- 6 |  7- 9 | 10-12 || total
-------------------------+-------+-------+-------+-------++-------
Melee: Dagger            |    69 |   267 |   677 |   240 ||  1253
 Fire: Blowgun           |       |       |    16 |     4 ||    20
 Cast: Ensorcelled Hiber |     4 |    27 |    39 |    57 ||   127
       Confuse           |       |     6 |    22 |    39 ||    67
       Mephitic Cloud    |       |       |     3 |     6 ||     9
       Tukima's Dance    |       |       |       |     3 ||     3
Invok: Recall Ancestor   |       |       |       |     4 ||     4
  Use: Scroll            |     2 |     7 |     5 |     3 ||    17
       Potion            |     4 |       |     4 |     2 ||    10
 Stab: Sleeping          |    14 |    30 |    50 |    38 ||   132
       Confused          |       |     4 |    11 |    26 ||    41
       Distracted        |       |     1 |     1 |       ||     2
  Eat: Bread ration      |       |     1 |     1 |     1 ||     3
       Fruit             |       |       |     1 |       ||     1
       Pizza             |       |       |       |     1 ||     1
Armor: Robe              |    17 |    22 |    57 |    15 ||   111
       Skin              |     1 |       |       |     3 ||     4
Dodge: Dodged            |    56 |   137 |   347 |   119 ||   659
